 Dungeon Crawl Stone Soup version 0.26-a0-690-gcb57259078 (webtiles) character file.

Game seed: 2847072080807630212

739 somkeydreadnuts the Tainter (level 8, -1/52 HPs)
             Began as a Formicid Venom Mage on Oct 25, 2020.
             Slain by a two-headed ogre
             ... wielding a +0 dire flail
              (24 damage)
             ... on level 9 of the Dungeon.
             The game lasted 00:18:07 (4315 turns).

somkeydreadnuts the Tainter (Formicid Venom Mage)   Turns: 4315, Time: 00:18:08

Health: -1/52      AC:  4    Str: 13    XL:     8   Next: 4%
Magic:  2/11       EV: 12    Int: 17    God:
Gold:   210        SH:  0    Dex: 11    Spells: 3/11 levels left

rFire    . . .     SeeInvis +   g - +2 dagger (venom)
rCold    . . .     Faith    .   (no shield)
rNeg     . . .     Spirit   .   o - +0 robe (curse)
rPois    .         Reflect  .   (helmet unavailable)
rElec    .         Harm     .   (no cloak)
rCorr    .         Rampage  .   (no gloves)
MR       .....                  b - +1 pair of boots
Stlth    +++.......             (no amulet)
HPRegen  0.17/turn              e - ring of stealth
MPRegen  0.12/turn              (no ring)

@: no status effects
A: permanent stasis, dig shafts and tunnels, four strong arms, antennae 3
a: Dig, Shaft Self


You were on level 9 of the Dungeon.
You visited 1 branch of the dungeon, and saw 6 of its levels.

You collected 210 gold pieces.

Inventory:

Hand Weapons
 g - a +2 dagger of venom (weapon)
Armour
 a - a +0 robe
 b - a +1 pair of boots (worn)
 o - a cursed +0 robe (worn)
Jewellery
 e - a ring of stealth (left hand)
Wands
 p - a wand of acid (1)
 u - a wand of disintegration (10)
Scrolls
 c - a scroll of enchant weapon {unknown}
 d - a scroll of remove curse {unknown}
 i - 3 scrolls of teleportation {unknown}
 k - a scroll of magic mapping {unknown}
 m - a scroll of fear {unknown}
 n - 4 scrolls of identify {unknown}
 q - a scroll of noise {unknown}
 r - a scroll of blinking {unknown}
 t - a scroll of amnesia {unknown}
Potions
 f - a potion of ambrosia {unknown}
 h - a potion of resistance {unknown}
 j - 2 potions of stabbing {unknown}
 l - 3 potions of curing {unknown}
 s - a potion of lignification {unknown}


   Skills:
 - Level 0.1 Fighting
 - Level 1.0 Short Blades
 - Level 1.7 Dodging
 - Level 2.4 Stealth
 - Level 2.1 Spellcasting
 - Level 1.1 Transmutations
 + Level 4.1 Fire Magic
 - Level 9.8 Poison Magic
 - Level 0.7 Evocations


You had 3 spell levels left.
You knew the following spells:

 Your Spells              Type           Power        Failure   Level
a - Sting                 Tmut/Pois      ###.         1%          1
b - Olgreb's Toxic Radia  Pois           #####...     3%          4
c - Ignite Poison         Fire/Tmut/Pois ###.....     8%          3

Your spell library contained the following spells:

 Spells                   Type           Power        Failure   Level
 Poisonous Vapours        Pois/Air       ###...       3%          2
 Mephitic Cloud           Conj/Pois/Air  ##......     16%         3


Dungeon Overview and Level Annotations

Branches:
Dungeon (4/15)
 Temple: D:4-7

Altars:

Annotations:
D:7 Maggie


Innate Abilities, Weirdness & Mutations

You cannot be hasted, slowed, berserked, paralysed or teleported.
You can dig through walls and to a lower floor.
Your four strong arms can wield two-handed weapons with a shield.
You have a pair of large antennae on your head. (SInv)


Message History

You hear a bark!
You hear an angry hiss.
The leopard gecko hisses angrily.
You begin to dig a shaft.
You continue digging a shaft.
The jackal barks!
A shaft appears beneath you!
You fall into a shaft and drop 2 floors!
The shaft crumbles and collapses. 2 two-headed ogres come into view.
The two-headed ogre shouts in stereo!
You hear two shouts!
A howler monkey comes into view.
The howler monkey howls!
The howler monkey hoots and howls with incredible vigour!
A worker ant comes into view.
The howler monkey barely misses you. The howler monkey misses you.
You hit the worker ant but do no damage.
The worker ant is poisoned.
The worker ant misses you. The howler monkey barely misses you.
You hit the worker ant.
The worker ant is heavily wounded.
The two-headed ogre hits you with a +0 dire flail!!
You die...

##############
#..#O...O....#
#.B@h...##..##
#.....##...##..##
..#.. #..##O.##
... ...##....O.#
### #############


You could see 2 two-headed ogres, a howler monkey and a worker ant (very
poisoned).

Vanquished Creatures
  Grinder (D:3)
  2 ogres (D:4)
  A howler monkey (D:4)
  A jelly (D:3)
  A gnoll shaman (D:4)
  2 centaur skeletons (D:4)
  2 orc wizards (D:4)
  An iguana (D:4)
  4 gnolls
  5 adders
  A dart slug (D:3)
  4 leopard geckos
  8 orcs (D:4)
  4 bats
  A giant cockroach (D:1)
  4 goblins
  6 hobgoblins
  2 jackals (D:3)
  A quokka (D:3)
  2 ball pythons
  3 frilled lizards (D:1)
  3 kobolds
  3 rats
62 creatures vanquished.

Notes
Turn   | Place    | Note
-------+----------+-------------------------------------------
     0 | D:1      | somkeydreadnuts the Formicid Venom Mage began the quest for
                  | the Orb.
     0 | D:1      | Reached XP level 1. HP: 13/13 MP: 3/3
   645 | D:1      | Reached XP level 2. HP: 15/19 MP: 0/5
  1057 | D:2      | Reached skill level 5 in Poison Magic
  1290 | D:2      | Reached XP level 3. HP: 22/24 MP: 2/6
  2266 | D:3      | Reached skill level 6 in Poison Magic
  2347 | D:3      | Noticed Grinder
  2491 | D:3      | Reached XP level 4. HP: 30/30 MP: 2/7
  2578 | D:3      | Killed Grinder
  2578 | D:3      | Reached skill level 8 in Poison Magic
  2578 | D:3      | Reached XP level 5. HP: 27/35 MP: 6/8
  2578 | D:3      | Reached XP level 6. HP: 32/41 MP: 6/9
  2659 | D:3      | Reached skill level 9 in Poison Magic
  3315 | D:3      | Learned a level 4 spell: Olgreb's Toxic Radiance
  3619 | D:3      | Learned a level 3 spell: Ignite Poison
  3671 | D:4      | Noticed a phantom
  3821 | D:4      | Reached XP level 7. HP: 23/46 MP: 1/10
  3899 | D:4      | Reached skill level 1 in Short Blades
  3906 | D:4      | Reached skill level 1 in Fire Magic
  4297 | D:4      | Reached XP level 8. HP: 20/52 MP: 0/11
  4299 | D:4      | You fall into a shaft and drop 3 floors!
  4299 | D:7      | Noticed Maggie
  4302 | D:7      | You fall into a shaft and drop 2 floors!
  4302 | D:9      | Noticed a two-headed ogre
  4302 | D:9      | Noticed a two-headed ogre
  4315 | D:9      | Slain by a two-headed ogre

Illustrated notes

Levels and vault maps discovered:
D:1:      mrwooster_arrival_statue_2, layout_loops_corners
D:2:      layout_basic
D:3:      layout_basic, uniq_grinder
D:4:      layout_basic, kennysheep_mini_moat, dk_noncrumbling_3,
          corexii_item_surrounded_by_moat
D:7:      layout_cave_pools, bloody_trog, grunt_temple_overflow_open,
          tgw_kikubaaqudgha, uniq_maggie
D:9:      minmay_thinvault, layout_basic, nicolae_ru_great_annihilating_truth,
          serial_shops, kennysheep_mini, minmay_crystal_room,
          nrook_guardian_serpent_double

Skill      XL: |  1  2  3  4  5  6  7 |
---------------+----------------------+-----
Poison Magic   | 5 6 8 9 |  9.8
Short Blades   | 1 |  1.0
Fire Magic     | 4 |  4.1
Fighting       | |  0.1
Dodging        | |  1.7
Stealth        | |  2.4
Spellcasting   | |  2.1
Transmutations | |  1.1
Evocations     | |  0.7

Action                   |  1- 3 |  4- 6 |  7- 9 || total
-------------------------+-------+-------+-------++-------
Melee: Dagger            |    13 |    13 |    15 ||    41
       Unarmed           |     1 |       |       ||     1
 Cast: Sting             |    43 |    40 |    10 ||    93
       Olgreb's Toxic Ra |       |     3 |     4 ||     7
       Ignite Poison     |       |     1 |     5 ||     6
 Abil: Shaft Self        |       |       |     2 ||     2
Evoke: Wand              |       |     5 |       ||     5
Armor: Robe              |     6 |     2 |     2 ||    10
Dodge: Dodged            |    14 |    27 |    17 ||    58

Table legend: (Time is in decaauts)
 A = Elapsed time spent in this place.
 B = Non-inter-level travel time spent in this place.
 C = Inter-level travel time spent in this place.
 D = Time resting spent in this place.
 E = Time spent auto-exploring this place.
 F = Levels seen in this place.
 G = Mean time per level.
                   A        B        C        D        E       F      G
               +--------+--------+--------+--------+--------+-----+--------+
         Total |   4315 |   4285 |     30 |      0 |   3358 |   6 |  719.2 |
       Dungeon |   4315 |   4285 |     30 |      0 |   3358 |   6 |  719.2 |
               +--------+--------+--------+--------+--------+-----+--------+

Top non-repeatable levels by time:
     D:3: 1770 daAuts
     D:2: 1313 daAuts
     D:1: 932 daAuts
     D:4: 283 daAuts
     D:9: 12 daAuts
     D:7: 2 daAuts
